 Dungeon Crawl Stone Soup version 0.19.5 (webtiles) character file.

2540 MydosGodOfBeginnings the Basher (level 9, -2/63 HPs)
             Began as a Mummy Fighter on Apr 27, 2017.
             Was a Follower of Okawaru.
             Killed by divine providence
             ... invoked by an orc priest
              (9 damage)
             ... on level 6 of the Dungeon.
             The game lasted 00:22:31 (6579 turns).

MydosGodOfBeginnings the Basher (Mummy Fighter)     Turns: 6579, Time: 00:22:32

Health: -2/63      AC:  6    Str: 23    XL:     9   Next: 30%
Magic:  9/9        EV:  7    Int:  7    God:    Okawaru [*.....]
Gold:   280        SH: 10    Dex: 11    Spells: 0 memorised, 8 levels left

rFire  x . .     SeeInvis +     f - +2 mace (drain)
rCold  + . .     Gourm    .     b - +0 scale mail
rNeg   + + +     Faith    .     c - +1 shield
rPois  ∞         Spirit   .     (no helmet)
rElec  .         Reflect  .     (no cloak)
rCorr  +         Harm     .     (no gloves)
MR     ++++.     Clarity  +     (no boots)
Stlth  ..........               q - amulet of the Four Winds {rN+ MR+++ Clar}
                                m - ring of see invisible
                                l - ring of resist corrosion

@: no status effects
A: no food or potions, fire vulnerability, cold resistance 1, negative energy
resistance 3, torment resistance, unbreathing
a: Heroism, Renounce Religion


You were on level 6 of the Dungeon.
You worshipped Okawaru.
Okawaru was aware of your devotion.
You were not hungry.

You visited 2 branches of the dungeon, and saw 7 of its levels.
You also visited: Ossuary.

You collected 280 gold pieces.

Inventory:

Hand Weapons
 a - a +0 flail
 f - a +2 mace of draining (weapon)
Armour
 b - a +0 scale mail (worn)
 c - a +1 shield (worn)
Jewellery
 j - an uncursed ring of magical power
 l - a ring of resist corrosion (left hand)
 m - a ring of see invisible (right hand)
 q - the amulet of the Four Winds (around neck) {rN+ MR+++ Clar}
   (You found it on level 5 of the Dungeon)

   [amulet of nothing]

   It protects you from negative energy.
   It affects your resistance to hostile enchantments.
   It protects you against confusion.
Wands
 r - a wand of lightning (10/15)
Scrolls
 d - 5 scrolls of identify
 e - 8 scrolls of remove curse
 g - 2 scrolls of fog
 h - 3 scrolls of recharging
 i - a scroll of noise {unknown}
 n - a scroll of fear {unknown}
 o - a scroll of teleportation
Books
 k - a book of Frost

   Spells                             Type                      Level
   a - Freeze                         Ice                          1
   b - Throw Frost                    Conjuration/Ice              2
   c - Ozocubu's Armour               Charms/Ice                   3
   d - Throw Icicle                   Conjuration/Ice              4
   e - Summon Ice Beast               Ice/Summoning                4
 p - a book of Air

   Spells                             Type                      Level
   a - Shock                          Conjuration/Air              1
   b - Swiftness                      Charms/Air                   2
   c - Repel Missiles                 Charms/Air                   2
   d - Static Discharge               Conjuration/Air              3
   e - Lightning Bolt                 Conjuration/Air              5


   Skills:
 - Level 3.0 Fighting
 * Level 10.7 Maces & Flails
 - Level 2.4 Armour
 - Level 2.4 Shields


You had 8 spell levels left.
You didn't know any spells.

Dungeon Overview and Level Annotations

Branches:
Dungeon (6/15)             Temple (1/1) D:5

Altars:
Ashenzari
Dithmenos
Elyvilon
Fedhas
Gozag
Hepliaklqana
Kikubaaqudgha
Makhleb
Nemelex Xobeh
Okawaru
Qazlal
Ru
Sif Muna
Trog
Vehumet
Xom
Yredelemnul
Zin
The Shining One

Shops:
D:6 }


Innate Abilities, Weirdness & Mutations

You do not eat or drink.
Your flesh is vulnerable to fire.
You are immune to poison.
Your flesh is cold resistant. (rC+)
You are immune to negative energy. (rN+++)
You are immune to unholy pain and torment.
You can survive without breathing.


Message History

The orc priest is almost dead.
The orc priest hits you with a flail.
You completely miss the orc priest.
The orc priest is almost dead.
The orc priest hits you with a hand axe.
You barely miss the orc priest.
The orc priest is almost dead.
The orc priest hits you with a flail. You block the orc priest's attack.
You barely miss the orc priest.
The orc priest is almost dead.
The orc priest invokes the aid of Beogh against you.
Beogh smites you!
* * * LOW HITPOINT WARNING * * *
The orc priest barely misses you.
You hit the orc priest.
You kill the orc priest!
Okawaru accepts your kill.
The orc priest calls down the wrath of Beogh upon you.
Beogh smites you!
You die...

###### #@)))# #o##)#
######.#..#
*#####......#.##
**..........##.#
*,o.........##.#####
**,.#o#......##.....#
****,,#...#.##########.#
,,,,,,..∩o..,,,* #.###


You could see an orc priest.

Vanquished Creatures
  Grinder (D:3)
  A hungry ghost (D:6)
  Menkaure (D:4)
  A black bear (D:5)
  A sky beast (D:5)
  2 ice beasts (D:5)
  An ogre (D:4)
  2 water moccasin zombies (Ossuary)
  3 centaur zombies (Ossuary)
  3 bullfrog zombies (Ossuary)
  2 hounds (D:4)
  A jelly (D:6)
  2 orc priests
  A centaur skeleton (D:6)
  8 orc wizards
  Jessica (D:2)
  An iguana (D:6)
  Terence (D:2)
  3 worker ants
  A killer bee zombie (Ossuary)
  8 mummies (Ossuary)
  2 hound zombies
  2 worker ant zombies (Ossuary)
  7 gnolls
  4 adders
  A shadow imp (D:6)
  An ooze (D:2)
  An adder skeleton (D:4)
  2 adder zombies (Ossuary)
  2 worms (D:2)
  A dart slug (D:4)
  3 leopard geckos
  12 orcs
  4 giant cockroaches
  9 goblins
  5 hobgoblins
  14 jackals
  4 quokkas
  2 ball pythons
  7 bats
  A frilled lizard (D:1)
  A jackal skeleton (D:3)
  3 jackal zombies (Ossuary)
  7 kobolds
  2 leopard gecko zombies (Ossuary)
  A quokka skeleton (D:4)
  A quokka zombie (Ossuary)
  A rat (D:1)
145 creatures vanquished.

Vanquished Creatures (others)
  2 withered plants (Ossuary)
2 creatures vanquished.

Grand Total: 147 creatures vanquished

Notes
Turn   | Place    | Note
-------+----------+-------------------------------------------
     0 | D:1      | MydosGodOfBeginnings the Mummy Fighter began the quest for the Orb.
     0 | D:1      | Reached XP level 1. HP: 18/18 MP: 1/1
   195 | D:1      | Reached skill level 2 in Maces & Flails
   266 | D:1      | Reached XP level 2. HP: 21/24 MP: 2/2
  1192 | D:2      | Noticed Terence
  1193 | D:2      | Noticed Jessica
  1206 | D:2      | Killed Terence
  1206 | D:2      | Reached skill level 3 in Maces & Flails
  1206 | D:2      | Reached XP level 3. HP: 19/29 MP: 3/3
  1212 | D:2      | Killed Jessica
  1212 | D:2      | Reached XP level 4. HP: 21/35 MP: 4/4
  2012 | D:3      | Reached skill level 4 in Maces & Flails
  2328 | D:3      | Reached XP level 5. HP: 39/41 MP: 5/5
  2458 | D:3      | Found a deep blue altar of Sif Muna.
  2641 | D:3      | Found a sparkling altar of Nemelex Xobeh.
  2749 | D:3      | Noticed Grinder
  2757 | D:3      | Paralysed by Grinder for 4 turns
  2767 | D:3      | Paralysed by Grinder for 2 turns
  2770 | D:3      | Killed Grinder
  2770 | D:3      | Reached skill level 5 in Maces & Flails
  2770 | D:3      | Reached XP level 6. HP: 30/47 MP: 6/6
  3012 | D:4      | Noticed Menkaure
  3028 | D:3      | Reached skill level 6 in Maces & Flails
  3044 | D:4      | Killed Menkaure
  3044 | D:4      | Reached XP level 7. HP: 22/52 MP: 7/7
  3563 | D:4      | Reached skill level 7 in Maces & Flails
  4144 | D:4      | Found a glowing silver altar of Zin.
  4287 | D:5      | Entered Level 5 of the Dungeon
  4586 | D:5      | Reached skill level 8 in Maces & Flails
  4586 | D:5      | Reached XP level 8. HP: 58/58 MP: 8/8
  5014 | D:5      | Found a staircase to the Ecumenical Temple.
  5037 | Temple   | Entered the Ecumenical Temple
  5187 | D:6      | Found an iron altar of Okawaru.
  5195 | D:6      | Became a worshipper of Warmaster Okawaru
  5268 | D:6      | Found a sand-covered staircase.
  5277 | Ossuary  | Entered an ossuary
  5315 | Ossuary  | Reached skill level 9 in Maces & Flails
  5978 | Ossuary  | Reached * piety under Okawaru
  5978 | Ossuary  | Reached skill level 10 in Maces & Flails
  5978 | Ossuary  | Reached XP level 9. HP: 35/63 MP: 9/9
  6518 | D:6      | Found Duedeo's Quality Used Wands.
  6579 | D:6      | Killed from afar by an orc priest

Skill      XL: |  1  2  3  4  5  6  7  8 |
---------------+-------------------------+-----
Maces & Flails | 2 3 4 5 6 8 10 | 10.7
Fighting       | |  3.0
Armour         | |  2.4
Shields        | |  2.4

Action                   |  1- 3 |  4- 6 |  7- 9 || total
-------------------------+-------+-------+-------++-------
Melee: Flail             |    94 |    19 |     1 ||   114
       Mace              |     3 |   142 |   430 ||   575
  Use: Scroll            |       |       |     7 ||     7
Armor: Scale mail        |    44 |    72 |   124 ||   240
Dodge: Dodged            |    23 |    45 |    81 ||   149
Block: Shield            |    40 |    87 |   184 ||   311
